[ AOE2 MATCH · #460488408 ]
UnrankedGeorgians vs Hindustanis
[ REPLAY ANALYSIS · EXTRACTED FROM THE RECORDED GAME ]
Feudal
9:21
Castle
17:25
Imperial
—
| APM avg | 69.5 |
| APM peak | 133 |
| eAPM avg | 25.6 |
| Villagers / military | 47 / 32 |
Focus
⚔️ 37.6% · 🌾 62.4%
Knight ×24 · Fishing Ship ×10 · Scout Cavalry ×6 · Monk ×2
Feudal
10:31
Castle
22:17
Imperial
—
| APM avg | 45.5 |
| APM peak | 83 |
| eAPM avg | 14.4 |
| Villagers / military | 44 / 20 |
Focus
⚔️ 21.3% · 🌾 78.7%
Scout Cavalry ×20 · Fishing Ship ×9
Feudal
9:19
Castle
—
Imperial
—
| APM avg | 51.3 |
| APM peak | 67 |
| eAPM avg | 18.7 |
| Villagers / military | 55 / 25 |
Focus
⚔️ 37.3% · 🌾 62.7%
Archer ×24 · Spearman ×1
Feudal
9:35
Castle
21:31
Imperial
—
| APM avg | 66.8 |
| APM peak | 102 |
| eAPM avg | 21.4 |
| Villagers / military | 46 / 42 |
Focus
⚔️ 26.5% · 🌾 73.5%
Archer ×41 · Mangonel ×1
Match map
Initial resources + every placement click. Lines = walls · curves = elevation contours. ◆ gold · ⬟ stone · ● berries · ✦ relic · ◌ wall gap
Your base· Open — 9t gap
SnarlinPaper's base· Open — unwalled flank
Ash's base· Open — unwalled flank
Th1Raven's base· Open — unwalled flank
Smoothed initial terrain · ◌ = detected wall gap · hover for details
Inputs per minute
— dodo3011 - - SnarlinPaper
Build order — dodo3011
132 actions detected in the replay
| 0:00 | Create | Villager (Male) ×4 |
| 0:05 | Build | House |
| 0:08 | Build | House |
| 1:30 | Create | Villager (Male) |
| 1:59 | Create | Villager (Male) |
| 2:29 | Create | Villager (Male) |
| 2:35 | Build | Dock |
| 2:57 | Create | Villager (Male) |
| 3:06 | Build | House |
| 3:23 | Create | Villager (Male) |
| 3:45 | Create | Villager (Male) |
| 4:02 | Create | Fishing Ship |
| 4:09 | Create | Villager (Male) |
| 4:31 | Create | Villager (Male) |
| 4:31 | Create | Villager (Male) |
| 4:31 | Create | Villager (Male) |
| 5:09 | Create | Villager (Male) |
| 5:18 | Build | House |
| 5:30 | Create | Villager (Male) |
| 5:32 | Create | Fishing Ship |
| 6:13 | Create | Fishing Ship |
| 6:20 | Create | Villager (Male) |
| 6:21 | Create | Villager (Male) |
| 6:29 | Create | Villager (Male) |
| 6:29 | Create | Villager (Male) |
| 6:29 | Create | Villager (Male) |
| 6:45 | Research | Loom |
| 6:59 | Create | Villager (Male) |
| 6:59 | Create | Villager (Male) |
| 7:11 | Research | Feudal Age |
| 7:59 | Build | Barracks |
| 8:35 | Create | Fishing Ship |
| 8:49 | Build | House |
| 9:21 | Age | Feudal Age |
| 9:23 | Build | Stable |
| 9:25 | Create | Villager (Male) |
| 9:32 | Research | Double-Bit Axe |
| 9:58 | Create | Villager (Male) |
| 10:10 | Create | Scout Cavalry |
| 10:10 | Create | Scout Cavalry |
| 10:10 | Create | Scout Cavalry |
| 10:12 | Build | House |
| 10:13 | Build | Mill |
| 10:16 | Create | Scout Cavalry |
| 10:16 | Create | Scout Cavalry |
| 10:18 | Create | Villager (Male) |
| 10:18 | Create | Villager (Male) |
| 10:20 | Create | Fishing Ship |
| 10:42 | Research | Tech 906 |
| 11:01 | Create | Villager (Male) |
| 11:25 | Build | House |
| 11:34 | Build | Dock |
| 11:34 | Create | Villager (Male) |
| 11:56 | Build | House |
| 12:02 | Create | Villager (Male) |
| 12:10 | Create | Fishing Ship |
| 12:22 | Build | House |
| 12:22 | Build | House |
| 12:28 | Create | Villager (Male) |
| 12:35 | Build | Mule Cart |
| 12:40 | Create | Villager (Male) |
| 12:53 | Create | Villager (Male) |
| 12:55 | Create | Fishing Ship |
| 12:55 | Create | Fishing Ship |
| 13:28 | Create | Fishing Ship |
| 13:39 | Build | House |
| 13:55 | Create | Villager (Male) |
| 13:58 | Build | Blacksmith |
| 14:19 | Create | Villager (Male) |
| 14:38 | Build | Stable |
| 14:41 | Research | Castle Age |
| 15:10 | Research | Scale Barding Armor |
| 15:10 | Research | Scale Barding Armor |
| 15:30 | Research | Bloodlines |
| 15:55 | Research | Forging |
| 16:02 | Build | Stable |
| 17:13 | Research | Horse Collar |
| 17:15 | Build | Farm |
| 17:16 | Build | Farm |
| 17:16 | Build | Farm |
| 17:16 | Build | Farm |
| 17:17 | Build | Farm |
| 17:17 | Build | Farm |
| 17:17 | Build | Farm |
| 17:25 | Age | Castle Age |
| 17:26 | Research | Chain Barding Armor |
| 17:26 | Create | Knight ×2 |
| 17:27 | Create | Knight ×2 |
| 17:28 | Create | Villager (Male) |
| 17:45 | Build | Monastery |
| 17:56 | Create | Villager (Male) |
| 17:57 | Create | Villager (Male) |
| 17:58 | Create | Knight |
| 17:58 | Create | Knight |
| 18:24 | Research | Husbandry |
| 18:39 | Create | Monk |
| 18:39 | Create | Monk |
| 18:44 | Create | Villager (Male) |
| 19:08 | Create | Knight |
| 19:10 | Create | Villager (Male) |
| 19:15 | Build | Town Center |
| 19:20 | Create | Scout Cavalry |
| 19:23 | Create | Villager (Male) |
| 19:33 | Create | Knight |
| 19:37 | Create | Villager (Male) |
| 19:43 | Build | House |
| 19:44 | Build | House |
| 19:51 | Create | Knight |
| 20:35 | Create | Knight |
| 20:36 | Create | Villager (Male) |
| 20:40 | Build | Town Center |
| 20:46 | Create | Knight |
| 20:49 | Create | Knight |
| 20:55 | Create | Villager (Male) |
| 21:00 | Research | Wheelbarrow |
| 21:05 | Create | Fishing Ship |
| 21:11 | Create | Knight |
| 21:11 | Create | Knight |
| 21:16 | Create | Villager (Male) |
| 21:25 | Research | Town Watch |
| 21:29 | Create | Knight |
| 21:30 | Create | Knight |
| 21:47 | Research | Iron Casting |
| 22:02 | Create | Knight |
| 22:22 | Create | Villager (Male) |
| 22:35 | Create | Knight ×2 |
| 22:38 | Create | Knight |
| 22:38 | Create | Knight |
| 22:47 | Create | Knight |
| 22:55 | Create | Knight |
| 23:15 | Create | Knight |
| 23:28 | Create | Villager (Male) |
Build order — SnarlinPaper
136 actions detected in the replay
| 0:01 | Create | Villager (Male) |
| 0:02 | Build | House |
| 0:04 | Build | House |
| 0:10 | Create | Villager (Male) |
| 0:10 | Create | Villager (Male) |
| 0:11 | Create | Villager (Male) |
| 1:27 | Create | Villager (Male) |
| 1:27 | Create | Villager (Male) |
| 1:41 | Create | Villager (Male) |
| 2:00 | Build | Lumber Camp |
| 2:06 | Create | Villager (Male) |
| 2:50 | Create | Villager (Male) |
| 2:55 | Create | Villager (Male) |
| 3:03 | Build | House |
| 3:42 | Create | Villager (Male) |
| 4:04 | Create | Villager (Male) |
| 4:18 | Create | Villager (Male) |
| 4:23 | Build | House |
| 4:52 | Create | Villager (Male) |
| 5:19 | Create | Villager (Male) |
| 5:19 | Create | Villager (Male) |
| 5:23 | Build | Mill |
| 5:55 | Create | Villager (Male) |
| 6:04 | Build | Dock |
| 6:32 | Create | Villager (Male) |
| 6:49 | Create | Villager (Male) |
| 6:58 | Create | Fishing Ship |
| 7:15 | Build | House |
| 7:27 | Create | Villager (Male) |
| 7:36 | Research | Loom |
| 7:56 | Create | Fishing Ship |
| 8:21 | Research | Feudal Age |
| 8:39 | Create | Fishing Ship |
| 9:08 | Build | Barracks |
| 9:12 | Create | Villager (Male) |
| 9:12 | Create | Villager (Male) |
| 9:19 | Build | House |
| 10:13 | Create | Fishing Ship |
| 10:31 | Age | Feudal Age |
| 10:35 | Build | Stable |
| 10:42 | Research | Double-Bit Axe |
| 10:53 | Create | Fishing Ship |
| 10:55 | Create | Villager (Male) |
| 11:27 | Create | Scout Cavalry |
| 11:34 | Build | House |
| 11:35 | Create | Scout Cavalry |
| 11:36 | Create | Villager (Male) |
| 11:53 | Create | Villager (Male) |
| 11:55 | Build | Farm |
| 11:56 | Research | Horse Collar |
| 11:58 | Build | Farm |
| 11:59 | Create | Fishing Ship |
| 12:06 | Create | Scout Cavalry |
| 12:09 | Build | House |
| 12:13 | Create | Villager (Male) |
| 12:32 | Create | Scout Cavalry |
| 12:33 | Create | Villager (Male) |
| 12:37 | Build | House |
| 12:47 | Create | Fishing Ship |
| 12:55 | Build | Farm |
| 13:02 | Build | Farm |
| 13:07 | Create | Scout Cavalry |
| 13:17 | Build | Blacksmith |
| 13:18 | Create | Villager (Male) |
| 13:19 | Create | Scout Cavalry |
| 13:47 | Create | Scout Cavalry |
| 13:48 | Create | Villager (Male) |
| 13:53 | Build | Farm |
| 13:54 | Build | Farm |
| 14:03 | Research | Scale Barding Armor |
| 14:05 | Build | House |
| 14:06 | Build | House |
| 14:15 | Create | Scout Cavalry |
| 14:15 | Create | Villager (Male) |
| 14:33 | Create | Villager (Male) |
| 14:43 | Build | Stable |
| 14:48 | Create | Scout Cavalry |
| 14:52 | Create | Villager (Male) |
| 15:12 | Research | Forging |
| 15:18 | Create | Scout Cavalry |
| 15:38 | Create | Scout Cavalry |
| 15:42 | Build | Mining Camp |
| 15:56 | Create | Scout Cavalry |
| 15:56 | Create | Scout Cavalry |
| 16:09 | Create | Villager (Male) |
| 16:13 | Build | House |
| 16:16 | Create | Scout Cavalry |
| 16:16 | Create | Scout Cavalry |
| 16:20 | Build | Palisade Wall |
| 16:26 | Create | Scout Cavalry |
| 16:42 | Create | Villager (Male) |
| 16:59 | Create | Villager (Male) |
| 17:00 | Create | Fishing Ship |
| 17:00 | Create | Fishing Ship |
| 17:04 | Build | Dock |
| 17:11 | Build | Palisade Wall |
| 17:17 | Create | Villager (Male) |
| 17:22 | Build | Farm |
| 17:22 | Build | Farm |
| 17:23 | Build | Farm |
| 17:23 | Build | Farm |
| 17:23 | Build | Farm |
| 17:23 | Build | Farm |
| 17:36 | Create | Scout Cavalry |
| 17:36 | Create | Scout Cavalry |
| 17:40 | Build | House |
| 17:48 | Create | Villager (Male) |
| 17:55 | Create | Villager (Male) |
| 18:10 | Create | Villager (Male) |
| 18:25 | Create | Villager (Male) |
| 18:26 | Create | Scout Cavalry |
| 18:26 | Create | Scout Cavalry |
| 18:41 | Build | House |
| 18:42 | Build | House |
| 19:27 | Research | Castle Age |
| 19:39 | Build | Palisade Wall |
| 19:49 | Build | House |
| 19:56 | Create | Villager (Male) |
| 20:02 | Build | House |
| 20:02 | Build | House |
| 20:08 | Build | Palisade Wall |
| 20:12 | Build | Palisade Wall |
| 20:20 | Create | Villager (Male) |
| 20:21 | Research | Gold Mining |
| 20:54 | Research | Bloodlines |
| 21:03 | Build | Palisade Gate |
| 21:35 | Build | Farm |
| 21:35 | Build | Farm |
| 21:36 | Build | Farm |
| 21:36 | Build | Farm |
| 22:17 | Age | Castle Age |
| 22:21 | Research | Light Cavalry (upgrade) |
| 22:25 | Research | Chain Barding Armor |
| 22:31 | Research | Husbandry |
| 22:48 | Create | Villager (Male) |
| 22:48 | Create | Villager (Male) |
Build order — Ash
138 actions detected in the replay
| 0:02 | Research | Loom |
| 0:02 | Create | Villager (Male) ×3 |
| 0:07 | Build | House |
| 0:09 | Build | House |
| 1:35 | Create | Villager (Male) |
| 2:02 | Create | Villager (Male) |
| 2:31 | Create | Villager (Male) ×2 |
| 2:31 | Create | Villager (Male) ×2 |
| 2:38 | Build | Lumber Camp |
| 2:52 | Create | Villager (Male) ×2 |
| 2:52 | Create | Villager (Male) ×2 |
| 3:30 | Build | House |
| 3:33 | Build | House |
| 3:38 | Create | Villager (Male) ×3 |
| 4:23 | Create | Villager (Male) |
| 5:29 | Build | Mill |
| 5:31 | Create | Villager (Male) ×2 |
| 5:34 | Create | Villager (Male) ×2 |
| 5:35 | Create | Villager (Male) ×2 |
| 5:37 | Create | Villager (Male) |
| 5:37 | Create | Villager (Male) |
| 5:58 | Create | Villager (Male) |
| 6:25 | Create | Villager (Male) ×3 |
| 6:48 | Build | Mining Camp |
| 7:08 | Research | Feudal Age |
| 8:39 | Build | Barracks |
| 9:03 | Create | Villager (Male) |
| 9:03 | Create | Villager (Male) |
| 9:19 | Age | Feudal Age |
| 9:48 | Build | Palisade Wall |
| 9:49 | Build | Palisade Wall |
| 9:58 | Create | Villager (Male) |
| 10:14 | Build | Archery Range |
| 10:19 | Build | Palisade Wall |
| 10:22 | Create | Villager (Male) |
| 10:22 | Create | Villager (Male) |
| 10:38 | Research | Double-Bit Axe |
| 10:39 | Research | Double-Bit Axe |
| 10:56 | Build | House |
| 11:00 | Build | Palisade Wall |
| 11:02 | Create | Villager (Male) |
| 11:02 | Create | Villager (Male) |
| 11:02 | Create | Villager (Male) |
| 11:13 | Create | Archer |
| 11:13 | Create | Archer |
| 11:23 | Build | Palisade Wall |
| 11:27 | Build | Palisade Wall |
| 11:39 | Build | Palisade Wall |
| 11:44 | Create | Villager (Male) |
| 11:45 | Create | Villager (Male) |
| 11:52 | Build | Palisade Wall |
| 12:03 | Create | Archer |
| 12:03 | Create | Archer |
| 12:11 | Create | Spearman |
| 12:18 | Build | House |
| 12:20 | Build | Palisade Wall |
| 12:25 | Build | House |
| 12:32 | Create | Villager (Male) |
| 12:33 | Create | Archer |
| 12:50 | Research | Town Watch |
| 12:52 | Create | Archer |
| 12:58 | Create | Archer |
| 12:59 | Create | Archer |
| 13:13 | Build | House |
| 13:22 | Create | Villager (Male) |
| 13:22 | Create | Villager (Male) |
| 13:22 | Create | Villager (Male) |
| 13:36 | Create | Archer |
| 13:44 | Build | Watch Tower |
| 13:52 | Create | Villager (Male) |
| 14:02 | Build | Blacksmith |
| 14:16 | Create | Archer |
| 14:16 | Create | Archer |
| 14:17 | Create | Archer |
| 15:02 | Build | Market |
| 15:51 | Build | Palisade Wall |
| 15:58 | Create | Archer |
| 15:58 | Create | Archer |
| 16:01 | Research | Fletching |
| 16:01 | Research | Fletching |
| 16:11 | Create | Villager (Male) |
| 16:11 | Create | Villager (Male) |
| 16:26 | Build | Watch Tower |
| 16:33 | Create | Archer |
| 17:19 | Build | Palisade Wall |
| 17:26 | Create | Archer |
| 17:26 | Create | Archer |
| 17:34 | Create | Villager (Male) |
| 17:35 | Create | Villager (Male) |
| 17:37 | Build | Farm |
| 17:40 | Build | Farm |
| 17:58 | Create | Archer |
| 18:07 | Build | Farm |
| 18:09 | Build | Farm |
| 18:14 | Research | Padded Archer Armor |
| 18:17 | Create | Villager (Male) |
| 18:18 | Create | Villager (Male) |
| 18:30 | Build | Farm |
| 18:43 | Create | Villager (Male) |
| 18:53 | Build | Farm |
| 19:00 | Build | Farm |
| 19:03 | Build | Farm |
| 19:07 | Build | Farm |
| 19:08 | Build | Farm |
| 19:13 | Create | Archer |
| 19:13 | Create | Archer |
| 19:13 | Create | Archer |
| 19:20 | Build | House |
| 19:20 | Build | House |
| 19:21 | Build | House |
| 19:38 | Build | House |
| 19:51 | Create | Villager (Male) |
| 19:52 | Create | Villager (Male) |
| 20:16 | Create | Villager (Male) |
| 20:20 | Build | Mining Camp |
| 20:25 | Build | House |
| 20:35 | Create | Archer |
| 20:39 | Build | House |
| 20:46 | Build | House |
| 20:47 | Build | House |
| 20:59 | Build | Palisade Gate |
| 21:00 | Build | House |
| 21:05 | Build | House |
| 21:12 | Create | Archer |
| 21:12 | Create | Archer |
| 21:24 | Build | Farm |
| 21:27 | Create | Villager (Male) |
| 21:32 | Research | Castle Age |
| 21:32 | Research | Castle Age |
| 21:45 | Build | House |
| 21:52 | Build | House |
| 21:54 | Build | Palisade Wall |
| 21:55 | Build | Palisade Wall |
| 22:18 | Build | House |
| 22:19 | Build | House |
| 22:21 | Build | House |
| 22:21 | Build | House |
| 22:24 | Build | House |
Build order — Th1Raven
144 actions detected in the replay
| 0:00 | Create | Villager (Male) |
| 0:00 | Create | Villager (Male) |
| 0:01 | Create | Villager (Male) |
| 0:02 | Build | House |
| 0:03 | Build | House |
| 0:05 | Create | Villager (Male) |
| 1:02 | Research | Loom |
| 1:03 | Create | Villager (Male) |
| 1:34 | Build | Lumber Camp |
| 1:35 | Create | Villager (Male) |
| 2:07 | Create | Villager (Male) |
| 2:07 | Create | Villager (Male) |
| 2:37 | Create | Villager (Male) |
| 2:57 | Create | Villager (Male) |
| 3:31 | Create | Villager (Male) |
| 3:32 | Create | Villager (Male) |
| 3:56 | Build | Mining Camp |
| 4:23 | Build | House |
| 4:28 | Create | Villager (Male) |
| 4:29 | Create | Villager (Male) |
| 4:32 | Create | Villager (Male) |
| 5:50 | Create | Villager (Male) |
| 6:11 | Create | Villager (Male) |
| 6:34 | Create | Villager (Male) |
| 7:13 | Build | House |
| 7:25 | Research | Feudal Age |
| 7:25 | Research | Feudal Age |
| 8:41 | Build | Barracks |
| 8:45 | Build | Barracks |
| 9:03 | Create | Villager (Male) |
| 9:04 | Create | Villager (Male) |
| 9:35 | Age | Feudal Age |
| 9:47 | Build | Archery Range |
| 9:59 | Build | Archery Range |
| 10:16 | Research | Double-Bit Axe |
| 10:17 | Create | Villager (Male) |
| 10:32 | Create | Villager (Male) |
| 10:38 | Build | House |
| 10:42 | Create | Archer |
| 11:02 | Build | House |
| 11:03 | Create | Archer |
| 11:04 | Create | Villager (Male) |
| 11:14 | Create | Archer |
| 11:29 | Create | Archer |
| 11:29 | Create | Archer |
| 11:38 | Create | Villager (Male) |
| 11:46 | Build | Blacksmith |
| 11:51 | Create | Villager (Male) |
| 12:02 | Create | Archer |
| 12:07 | Create | Archer |
| 12:13 | Create | Archer |
| 12:19 | Create | Villager (Male) |
| 12:39 | Build | Mill |
| 12:45 | Build | House |
| 12:53 | Research | Fletching |
| 13:15 | Build | House |
| 13:16 | Build | House |
| 13:21 | Create | Villager (Male) |
| 13:22 | Create | Archer |
| 13:23 | Create | Archer |
| 13:23 | Create | Archer |
| 13:23 | Create | Archer |
| 13:35 | Create | Archer |
| 13:45 | Create | Archer |
| 13:49 | Create | Villager (Male) |
| 14:08 | Build | Farm |
| 14:09 | Build | Farm |
| 14:18 | Create | Villager (Male) |
| 14:18 | Create | Villager (Male) |
| 14:35 | Build | House |
| 14:36 | Build | Palisade Wall |
| 14:38 | Build | House |
| 14:44 | Create | Villager (Male) |
| 14:44 | Create | Villager (Male) |
| 14:58 | Create | Archer |
| 14:59 | Create | Archer |
| 15:45 | Create | Villager (Male) |
| 15:45 | Create | Villager (Male) |
| 15:46 | Create | Archer |
| 15:46 | Create | Archer |
| 15:46 | Create | Archer |
| 15:59 | Create | Villager (Male) |
| 16:09 | Build | Farm |
| 16:10 | Build | Farm |
| 16:15 | Build | Farm |
| 16:24 | Build | House |
| 16:25 | Build | House |
| 16:28 | Create | Villager (Male) |
| 16:29 | Create | Archer |
| 16:29 | Create | Archer |
| 16:30 | Create | Archer |
| 17:03 | Create | Villager (Male) |
| 17:25 | Build | Palisade Gate |
| 17:26 | Build | House |
| 17:31 | Build | Farm |
| 17:31 | Build | Farm |
| 17:31 | Build | Farm |
| 17:36 | Create | Archer |
| 17:37 | Create | Archer |
| 17:47 | Create | Villager (Male) |
| 18:06 | Create | Villager (Male) |
| 18:07 | Create | Archer |
| 18:07 | Create | Archer |
| 18:26 | Build | House |
| 18:34 | Create | Archer |
| 18:51 | Research | Castle Age |
| 19:07 | Create | Archer |
| 19:07 | Create | Archer |
| 19:08 | Create | Archer |
| 19:08 | Create | Archer |
| 19:14 | Create | Archer |
| 19:30 | Create | Archer |
| 19:35 | Create | Villager (Male) |
| 19:39 | Research | Horse Collar |
| 19:44 | Research | Gold Mining |
| 20:03 | Create | Archer |
| 20:11 | Build | House |
| 20:12 | Build | House |
| 20:21 | Create | Archer |
| 20:40 | Research | Padded Archer Armor |
| 20:43 | Create | Villager (Male) |
| 21:05 | Create | Villager (Male) |
| 21:14 | Create | Archer |
| 21:16 | Create | Archer |
| 21:31 | Age | Castle Age |
| 21:32 | Research | Bodkin Arrow |
| 21:38 | Research | Crossbowman (upgrade) |
| 21:41 | Build | Siege Workshop |
| 22:02 | Create | Villager (Male) |
| 22:08 | Create | Archer |
| 22:08 | Create | Archer |
| 22:08 | Create | Archer |
| 22:28 | Build | House |
| 22:30 | Build | House |
| 22:31 | Build | House |
| 22:39 | Create | Villager (Male) |
| 22:40 | Create | Villager (Male) |
| 22:45 | Create | Mangonel |
| 23:01 | Build | House |
| 23:04 | Build | House |
| 23:06 | Build | House |
| 23:10 | Build | Palisade Wall |
| 23:17 | Create | Villager (Male) |
| 23:20 | Create | Archer |
Match timeline
| 2:35 | dodo3011 · first_building Dock |
| 6:04 | SnarlinPaper · first_building Dock |
| 7:59 | dodo3011 · first_building Barracks |
| 8:39 | Ash · first_building Barracks |
| 8:41 | Th1Raven · first_building Barracks |
| 9:08 | SnarlinPaper · first_building Barracks |
| 9:19 | Ash · age_up feudal |
| 9:21 | dodo3011 · age_up feudal |
| 9:23 | dodo3011 · first_building Stable |
| 9:35 | Th1Raven · age_up feudal |
| 9:47 | Th1Raven · first_building Archery Range |
| 9:48 | Ash · wall_segment Palisade Wall x1 |
| 9:49 | Ash · wall_segment Palisade Wall x1 |
| 10:14 | Ash · first_building Archery Range |
| 10:19 | Ash · wall_segment Palisade Wall x7 |
| 10:31 | SnarlinPaper · age_up feudal |
| 10:35 | SnarlinPaper · first_building Stable |
| 11:00 | Ash · wall_segment Palisade Wall x4 |
| 11:23 | Ash · wall_segment Palisade Wall x5 |
| 11:27 | Ash · wall_segment Palisade Wall x11 |
| 11:39 | Ash · wall_segment Palisade Wall x3 |
| 11:52 | Ash · wall_segment Palisade Wall x4 |
| 12:20 | Ash · wall_segment Palisade Wall x1 |
| 14:36 | Th1Raven · wall_segment Palisade Wall x1 |
| 15:51 | Ash · wall_segment Palisade Wall x1 |
| 16:13 | Ash · first_market_buy 100 stone |
| 16:20 | SnarlinPaper · wall_segment Palisade Wall x1 |
| 17:11 | SnarlinPaper · wall_segment Palisade Wall x1 |
| 17:19 | Ash · wall_segment Palisade Wall x1 |
| 17:25 | dodo3011 · age_up castle |
| 17:45 | dodo3011 · first_building Monastery |
| 19:39 | SnarlinPaper · wall_segment Palisade Wall x1 |
| 20:08 | SnarlinPaper · wall_segment Palisade Wall x5 |
| 20:12 | SnarlinPaper · wall_segment Palisade Wall x3 |
| 21:31 | Th1Raven · age_up castle |
| 21:41 | Th1Raven · first_building Siege Workshop |
| 21:54 | Ash · wall_segment Palisade Wall x1 |
| 21:55 | Ash · wall_segment Palisade Wall x1 |
| 22:17 | SnarlinPaper · age_up castle |
| 23:10 | Th1Raven · wall_segment Palisade Wall x1 |
| 23:37 | Ash · resign |
[ AI ANALYSIS · 1 CREDIT ]
What really happened in this match?
Wolo.gg analyzes every decision: build order, eco, micro, common mistakes by bracket. Personalized analysis on WhatsApp or Discord in 30 seconds.
Civ guide
Georgians
Perfil
Jugador #17829013